Login

Milwaukee Admirals vs Iowa Wild

Created - 20 April 2024 at 23:10

Goals
1 2 3 T
Milwaukee Admirals 0 2 2 4
Iowa Wild 0 1 2 3
Shots
1 2 3 T
Milwaukee Admirals 10 15 15 40
Iowa Wild 4 8 11 23

GoalsPenalties
1st period
No Goal
Anthony Angello (MIL) for Tripping (Minor) at 11:21
2nd period
1. Milwaukee Admirals , Marc Del-Gaizo 3 (Navrin Mutter 2, Luke Esposito 2) at 7:05
2. Milwaukee Admirals , Paul Thompson 1 (Jake Livingstone 3) at 7:40
3. Iowa Wild , Sammy Walker 14 (Brock Faber 9) at 12:20
Navrin Mutter (MIL) for High sticking (Minor) at 2:11
Dominic Franco (MIL) for Holding (Minor) at 4:48
Paul Thompson (MIL) for High sticking (Minor) at 13:29
3rd period
4. Milwaukee Admirals , Alan Quine 10 (Jordan Gross 8, Kevin Gravel 17) at 1:44
5. Milwaukee Admirals , Philip Tomasino 12 (Jasper Weatherby 4, Egor Afanasyev 14) at 3:39 (PP)
6. Iowa Wild , Adam Beckman 4 (Nick Swaney 4, Jacob Lucchini 7) at 4:19
7. Iowa Wild , Sammy Walker 15 (Adam Raska 12, Michael Hutchinson) at 14:22 (PP)
Ryan O'Rourke (IOW) for Slashing (Minor) at 2:55
Paul Thompson (MIL) for Roughing (Minor) at 14:08
Goalie Stats
Yaroslav Askarov (MIL), 20 saves from 23 shots - (0.870), W, 5-6-2, 60:00 minutes
Michael Hutchinson (IOW), 36 saves from 40 shots - (0.900), L, 10-5-2, 59:30 minutes
3 StarsOfficial
1 - Alan Quine (MIL)
2 - Sammy Walker (IOW)
3 - Adam Beckman (IOW)
Referees : Brad Meier and Peter MacDougall
Linesman : Matt MacPherson and Tyson Baker
Game Note
No Game Note
Finance
Level 1 -- Attendance: 1741 (87.05%) -- Ticket Income $60,935
Level 2 -- Attendance: 960 (96.00%) -- Ticket Income $14,400
Total Attendance: 2701 (90.03%)
Total Ticket Income: $75,335
Other Income: $36,914
Total Income: $112,249



Team Name Goals Shots Shots Attemp Shots Blocked PIM HIT PP PK FO%
Milwaukee Admirals 44080910231 / 1 (100%)145%
Iowa Wild 32348192251 / 5 (20%)155%

Milwaukee Admirals
Player Name POS G A P +/- PIM HIT SHT SB MP PP MP PP SHT PK MP PK SHT FO% FOT GA TA
Adam WilsbyD0001000112:290:0000:0000% 000
Alan QuineC1012032216:010:0001:21038% 800
Anthony AngelloRW000-2244116:150:1600:230100% 100
Dominic FrancoC0003201214:050:0000:0000% 000
Drew CallinRW000000006:240:0000:0900% 100
Egor AfanasyevLW0110042023:560:2804:160100% 100
Jake LivingstoneD0110013020:250:0803:4000% 000
Jasper WeatherbyRW0110022016:160:2810:0000% 000
Joakim KemellRW000000000:000:0000:0000% 000
Jordan GrossD0110016127:060:3614:3000% 001
Kevin GravelD0110021026:560:3604:2000% 010
Liam FoudyC000-2014117:260:1602:20013% 811
Luke EspositoC011100107:240:0000:5700% 100
Marc Del-GaizoD1011001012:390:0000:1000% 000
Navrin MutterLW011-1220018:370:1602:3100% 001
Paul ThompsonRW1012413014:420:0000:0000% 000
Philip TomasinoC10100110120:390:2824:23055% 3110
Roland McKeownD0000010020:250:0803:4000% 001
Iowa Wild
Player Name POS G A P +/- PIM HIT SHT SB MP PP MP PP SHT PK MP PK SHT FO% FOT GA TA
Adam BeckmanLW1011032120:073:2200:0000% 020
Adam RaskaRW011-1016024:484:4700:4400% 202
Brock FaberD011-1000527:434:0200:4400% 010
Carl DahlstromD0000030112:510:1500:1800% 001
Daemon HuntD0000020021:403:5300:0000% 000
Dakota MermisD000000000:590:0700:0000% 000
Jacob LucchiniC0111033021:003:2210:00075% 800
Justin BaileyRW000-1030114:370:0100:0000% 000
Marco RossiC000-1022220:074:4710:44067% 610
Michael Del-ZottoD000-1031124:424:1010:0000% 000
Michael MilneC000000000:000:0000:0000% 000
Nick SwaneyRW0111021220:043:2200:0000% 000
Ryan O'RourkeD0000200012:360:0000:0000% 000
Sam HentgesC000000001:240:0100:000100% 100
Sammy WalkerC202-1014020:224:4710:00050% 800
Simon JohanssonD0000000119:433:5300:2600% 000
Steven FogartyC000-1011118:250:0100:0000% 000
Vinni LettieriC000-1013418:070:0000:00050% 2600

Milwaukee Admirals

5 vs 5 Forward
Line #Left WingCenterRight WingPHYDFOFWanted %Time %Time Play
1Egor AfanasyevPhilip TomasinoJasper Weatherby1224030%14:58
2Navrin MutterLiam FoudyAnthony Angello1223131%15:39
3Dominic FrancoAlan QuinePaul Thompson1222228%13:48
4Egor AfanasyevLuke EspositoDrew Callin122711%5:31
5 vs 5 Defense
Line #DefenseDefensePHYDFOFWanted %Time %Time Play
1Kevin GravelJordan Gross1224039%19:16
2Jake LivingstoneRoland McKeown1223033%16:37
3Marc Del-GaizoAdam Wilsby1222025%12:15
4Kevin GravelJordan Gross122104%1:48
Power Play Forward
Line #Left WingCenterRight WingPHYDFOFWanted %Time %Time Play
1Egor AfanasyevPhilip TomasinoJasper Weatherby1226064%0:28
2Navrin MutterLiam FoudyAnthony Angello1224036%0:16
Power Play Defense
Line #DefenseDefensePHYDFOFWanted %Time %Time Play
1Kevin GravelJordan Gross1226082%0:36
2Jake LivingstoneRoland McKeown1224018%0:08
Penalty Kill 4 Players Forward
Line #CenterWingPHYDFOFWanted %Time %Time Play
1Philip TomasinoEgor Afanasyev1226071%5:50
2Liam FoudyNavrin Mutter1224029%2:20
Penalty Kill 4 Players Defense
Line #DefenseDefensePHYDFOFWanted %Time %Time Play
1Kevin GravelJordan Gross1226055%4:30
2Jake LivingstoneRoland McKeown1224045%3:40
Penalty Kill 3 Players
Line #WingPHYDFOFWanted %Time %Time PlayDefenseDefensePHYDFOFWanted %Time %Time Play
1Philip Tomasino122600%0:00 Kevin GravelJordan Gross122600%0:00
2Liam Foudy122400%0:00 Jake LivingstoneRoland McKeown122400%0:00
4 vs 4 Forward
Line #CenterWingPHYDFOFWanted %Time %Time Play
1Philip TomasinoEgor Afanasyev122600%0:00
2Liam FoudyNavrin Mutter122400%0:00
4 vs 4 Defense
Line #DefensePHYDFOFWanted %Time %Time Play
1Kevin GravelJordan Gross122600%0:00
2Jake LivingstoneRoland McKeown122400%0:00
Last Minutes Offensive
Left WingCenterRight WingDefenseDefense
Egor AfanasyevPhilip TomasinoJasper WeatherbyKevin GravelJordan Gross
Last Minutes Defensive
Left WingCenterRight WingDefenseDefense
Egor AfanasyevPhilip TomasinoJasper WeatherbyKevin GravelJordan Gross
Time
Total ForwardTotal DefenseLast Minutes OffensiveLast Minutes Defensive
60:00 60:00 0:001:10
Extra Forwards
Normal PowerPlayPenalty Kill
Alan Quine, Anthony Angello, Paul ThompsonAlan Quine, Anthony AngelloAlan Quine
Extra Defensemen
Normal PowerPlayPenalty Kill
Roland McKeown, Marc Del-Gaizo, Adam WilsbyRoland McKeown, Roland McKeownMarc Del-Gaizo
Penalty Shots
Philip Tomasino, Liam Foudy, Egor Afanasyev, Jasper Weatherby, Alan Quine
Goalie
Yaroslav Askarov, Troy Grosenick
Custom OT Lines Forwards
Philip Tomasino, Liam Foudy, Egor Afanasyev, Jasper Weatherby, Alan Quine, Anthony Angello, Paul Thompson, Drew Callin, Luke Esposito, Dominic Franco
Custom OT Lines Defensemen
Kevin Gravel, Jordan Gross, Jake Livingstone, Roland McKeown, Marc Del-Gaizo
Scratches
Brandon Estes (Healthy), Simon Knak (Healthy), John Stevens (Healthy), Daniel Mannella (Healthy)

Iowa Wild

5 vs 5 Forward
Line #Left WingCenterRight WingPHYDFOFWanted %Time %Time Play
1Steven FogartyVinni LettieriAdam Raska1224038%18:59
2Adam BeckmanJacob LucchiniNick Swaney1223033%16:28
3Marco RossiSammy WalkerJustin Bailey1222025%12:38
4Sammy WalkerMarco RossiAdam Raska122104%2:01
5 vs 5 Defense
Line #DefenseDefensePHYDFOFWanted %Time %Time Play
1Michael Del-ZottoBrock Faber1224039%19:46
2Daemon HuntSimon Johansson1223031%15:18
3Ryan O'RourkeCarl Dahlstrom1222025%12:37
4Daemon HuntBrock Faber122105%2:25
Power Play Forward
Line #Left WingCenterRight WingPHYDFOFWanted %Time %Time Play
1Marco RossiSammy WalkerAdam Raska1226059%4:48
2Adam BeckmanJacob LucchiniNick Swaney1224041%3:22
Power Play Defense
Line #DefenseDefensePHYDFOFWanted %Time %Time Play
1Michael Del-ZottoBrock Faber1226052%4:17
2Daemon HuntSimon Johansson1224048%3:53
Penalty Kill 4 Players Forward
Line #CenterWingPHYDFOFWanted %Time %Time Play
1Marco RossiAdam Raska12260100%0:44
2Jacob LucchiniAdam Beckman122400%0:00
Penalty Kill 4 Players Defense
Line #DefenseDefensePHYDFOFWanted %Time %Time Play
1Ryan O'RourkeBrock Faber12260100%0:44
2Daemon HuntSimon Johansson122400%0:00
Penalty Kill 3 Players
Line #WingPHYDFOFWanted %Time %Time PlayDefenseDefensePHYDFOFWanted %Time %Time Play
1Marco Rossi122600%0:00 Ryan O'RourkeBrock Faber122600%0:00
2Jacob Lucchini122400%0:00 Daemon HuntSimon Johansson122400%0:00
4 vs 4 Forward
Line #CenterWingPHYDFOFWanted %Time %Time Play
1Adam RaskaMarco Rossi122600%0:00
2Jacob LucchiniAdam Beckman122400%0:00
4 vs 4 Defense
Line #DefensePHYDFOFWanted %Time %Time Play
1Michael Del-ZottoBrock Faber122600%0:00
2Daemon HuntSimon Johansson122400%0:00
Last Minutes Offensive
Left WingCenterRight WingDefenseDefense
Sammy WalkerJacob LucchiniAdam RaskaMichael Del-ZottoBrock Faber
Last Minutes Defensive
Left WingCenterRight WingDefenseDefense
Sammy WalkerJacob LucchiniAdam RaskaMichael Del-ZottoBrock Faber
Time
Total ForwardTotal DefenseLast Minutes OffensiveLast Minutes Defensive
60:00 60:00 1:000:00
Extra Forwards
Normal PowerPlayPenalty Kill
Marco Rossi, Adam Beckman, Adam RaskaMarco Rossi, Adam BeckmanMarco Rossi
Extra Defensemen
Normal PowerPlayPenalty Kill
Simon Johansson, Ryan O'Rourke, Carl DahlstromSimon Johansson, Simon JohanssonRyan O'Rourke
Penalty Shots
Adam Beckman, Adam Raska, Jacob Lucchini, Sammy Walker, Marco Rossi
Goalie
Michael Hutchinson, Jesper Wallstedt
Custom OT Lines Forwards
Steven Fogarty, Michael Milne, Jacob Lucchini, Sammy Walker, Marco Rossi, Adam Beckman, Adam Raska, Vinni Lettieri, Nick Swaney, Justin Bailey
Custom OT Lines Defensemen
Carl Dahlstrom, Brock Faber, Daemon Hunt, Simon Johansson, Ryan O'Rourke
Scratches
Maxim Cajkovic (Healthy), Vladislav Firstov (Healthy), Pat Maroon (Healthy), Nic Petan (Groin Injury), Hunter Jones (Healthy) Zane McIntyre (Healthy)


Play-by-Play

1st period


0:01 of 1st period - Vinni Lettieri wins face-off versus Philip Tomasino in neutral zone.
0:04 of 1st period - Snap shot by Adam Raska.
0:04 of 1st period - Stopped by Yaroslav Askarov without a rebound.
0:05 of 1st period - Philip Tomasino wins face-off versus Vinni Lettieri in Milwaukee Admirals zone.
0:20 of 1st period - Michael Del-Zotto is hit by Egor Afanasyev and loses puck.
0:58 of 1st period - Slapshot by Jordan Gross.
0:58 of 1st period - Shot Blocked by Simon Johansson.
2:25 of 1st period - Vinni Lettieri is hit by Anthony Angello and loses puck.
2:40 of 1st period - Philip Tomasino is hit by Daemon Hunt and loses puck.
3:56 of 1st period - Adam Beckman is hit by Jake Livingstone and loses puck.
5:00 of 1st period - Snap shot by Jordan Gross.
5:00 of 1st period - Deflect By Nick Swaney.
5:00 of 1st period - Stopped by Michael Hutchinson without a rebound.
5:01 of 1st period - Jacob Lucchini wins face-off versus Alan Quine in Iowa Wild zone.
6:13 of 1st period - Jake Livingstone is hit by Justin Bailey and loses puck.
6:30 of 1st period - Snap shot by Philip Tomasino.
6:30 of 1st period - Stopped by Michael Hutchinson with a rebound.
6:32 of 1st period - Slapshot by Philip Tomasino.
6:32 of 1st period - Stopped by Michael Hutchinson with a rebound.
6:34 of 1st period - Snap shot by Philip Tomasino.
6:34 of 1st period - Stopped by Michael Hutchinson without a rebound.
6:35 of 1st period - Marco Rossi wins face-off versus Liam Foudy in Iowa Wild zone.
6:35 of 1st period - Marco Rossi is hit by Anthony Angello.
6:56 of 1st period - Slapshot by Jordan Gross.
6:56 of 1st period - Shot Misses the Net.
8:02 of 1st period - Snap shot by Liam Foudy.
8:02 of 1st period - Deflect By Anthony Angello.
8:02 of 1st period - Stopped by Michael Hutchinson with a rebound.
8:04 of 1st period - Slapshot by Jordan Gross.
8:04 of 1st period - Stopped by Michael Hutchinson without a rebound.
8:05 of 1st period - Jacob Lucchini wins face-off versus Liam Foudy in Iowa Wild zone.
9:00 of 1st period - Slapshot by Liam Foudy.
9:00 of 1st period - Shot Misses the Net.
9:02 of 1st period - Snap shot by Liam Foudy.
9:02 of 1st period - Shot Misses the Net.
9:04 of 1st period - Wrist shot by Liam Foudy.
9:04 of 1st period - Stopped by Michael Hutchinson without a rebound.
9:05 of 1st period - Sammy Walker wins face-off versus Liam Foudy in Iowa Wild zone.
9:36 of 1st period - Wrist shot by Jacob Lucchini.
9:36 of 1st period - Stopped by Yaroslav Askarov with a rebound.
9:48 of 1st period - Slapshot by Jordan Gross.
9:48 of 1st period - Shot Blocked by Steven Fogarty.
10:08 of 1st period - Jordan Gross is hit by Carl Dahlstrom and loses puck.
11:21 of 1st period - Minor Penalty to Anthony Angello for Tripping.
11:22 of 1st period - Philip Tomasino wins face-off versus Sammy Walker in Milwaukee Admirals zone.
11:27 of 1st period - Snap shot by Marco Rossi.
11:27 of 1st period - Shot Misses the Net.
11:57 of 1st period - Jake Livingstone is hit by Adam Beckman and loses puck.
12:18 of 1st period - Kevin Gravel is hit by Nick Swaney and loses puck.
12:35 of 1st period - Alan Quine is hit by Michael Del-Zotto.
13:21 of 1st period - Penalty to Anthony Angello is over, Anthony Angello is back on ice.
13:34 of 1st period - Snap shot by Liam Foudy.
13:34 of 1st period - Stopped by Michael Hutchinson without a rebound.
13:35 of 1st period - Alan Quine wins face-off versus Adam Raska in Iowa Wild zone.
13:36 of 1st period - Snap shot by Marc Del-Gaizo.
13:36 of 1st period - Shot Blocked by Vinni Lettieri.
13:42 of 1st period - Wrist shot by Paul Thompson.
13:42 of 1st period - Stopped by Michael Hutchinson with a rebound.
13:44 of 1st period - Snap shot by Dominic Franco.
13:44 of 1st period - Shot Blocked by Vinni Lettieri.
13:46 of 1st period - Slapshot by Adam Wilsby.
13:46 of 1st period - Shot Blocked by Vinni Lettieri.
14:00 of 1st period - Egor Afanasyev is hit by Carl Dahlstrom and loses puck.
14:29 of 1st period - Snap shot by Luke Esposito.
14:29 of 1st period - Deflect By Egor Afanasyev.
14:29 of 1st period - Stopped by Michael Hutchinson with a rebound.
16:00 of 1st period - Brock Faber is hit by Anthony Angello and loses puck.
16:27 of 1st period - Adam Raska is hit by Egor Afanasyev and loses puck.
17:47 of 1st period - Off-side.
17:48 of 1st period - Marco Rossi wins face-off versus Philip Tomasino in neutral zone.
18:34 of 1st period - Roland McKeown is hit by Marco Rossi and loses puck.
19:16 of 1st period - Nick Swaney is hit by Egor Afanasyev and loses puck.
19:43 of 1st period - Luke Esposito is hit by Adam Beckman and loses puck.
19:48 of 1st period - Snap shot by Nick Swaney.
19:48 of 1st period - Stopped by Yaroslav Askarov with a rebound.
19:50 of 1st period - Slapshot by Adam Beckman.
19:50 of 1st period - Stopped by Yaroslav Askarov without a rebound.
19:51 of 1st period - Anthony Angello wins face-off versus Vinni Lettieri in Milwaukee Admirals zone.
Goals for this period are 0 for Milwaukee Admirals vs 0 for Iowa Wild.
Shots for this period are 10 for Milwaukee Admirals vs 4 for Iowa Wild.

2nd period


0:01 of 2nd period - Philip Tomasino wins face-off versus Vinni Lettieri in neutral zone.
0:32 of 2nd period - Snap shot by Liam Foudy.
0:32 of 2nd period - Shot Misses the Net.
0:34 of 2nd period - Snap shot by Anthony Angello.
0:34 of 2nd period - Shot Blocked by Adam Beckman.
0:36 of 2nd period - Slapshot by Navrin Mutter.
0:36 of 2nd period - Deflect By Liam Foudy.
0:36 of 2nd period - Stopped by Michael Hutchinson with a rebound.
0:50 of 2nd period - Slapshot by Jake Livingstone.
0:50 of 2nd period - Deflect By Alan Quine.
0:50 of 2nd period - Shot Misses the Net.
0:50 of 2nd period - Puck is out of play.
0:51 of 2nd period - Alan Quine wins face-off versus Adam Raska in Iowa Wild zone.
0:58 of 2nd period - Slapshot by Jake Livingstone.
0:58 of 2nd period - Deflect By Alan Quine.
0:58 of 2nd period - Stopped by Michael Hutchinson without a rebound.
0:59 of 2nd period - Philip Tomasino wins face-off versus Vinni Lettieri in Iowa Wild zone.
1:04 of 2nd period - Slapshot by Philip Tomasino.
1:04 of 2nd period - Stopped by Michael Hutchinson without a rebound.
1:05 of 2nd period - Philip Tomasino wins face-off versus Vinni Lettieri in Iowa Wild zone.
1:16 of 2nd period - Snap shot by Adam Raska.
1:16 of 2nd period - Stopped by Yaroslav Askarov with a rebound.
1:37 of 2nd period - Snap shot by Anthony Angello.
1:37 of 2nd period - Shot Blocked by Nick Swaney.
1:39 of 2nd period - Snap shot by Anthony Angello.
1:39 of 2nd period - Stopped by Michael Hutchinson with a rebound.
1:41 of 2nd period - Slapshot by Kevin Gravel.
1:41 of 2nd period - Deflect By Adam Beckman.
1:41 of 2nd period - Stopped by Michael Hutchinson without a rebound.
1:42 of 2nd period - Philip Tomasino wins face-off versus Vinni Lettieri in Iowa Wild zone.
2:11 of 2nd period - Minor Penalty to Navrin Mutter for High sticking.
2:12 of 2nd period - Philip Tomasino wins face-off versus Sammy Walker in Milwaukee Admirals zone.
3:16 of 2nd period - Jordan Gross is hit by Jacob Lucchini and loses puck.
4:11 of 2nd period - Penalty to Navrin Mutter is over, Navrin Mutter is back on ice.
4:21 of 2nd period - Snap shot by Anthony Angello.
4:21 of 2nd period - Deflect By Liam Foudy.
4:21 of 2nd period - Shot Misses the Net.
4:21 of 2nd period - Puck is out of play.
4:22 of 2nd period - Vinni Lettieri wins face-off versus Alan Quine in Iowa Wild zone.
4:37 of 2nd period - Snap shot by Steven Fogarty.
4:37 of 2nd period - Shot Blocked by Dominic Franco.
4:39 of 2nd period - Wrist shot by Vinni Lettieri.
4:39 of 2nd period - Shot Blocked by Alan Quine.
4:41 of 2nd period - Snap shot by Vinni Lettieri.
4:41 of 2nd period - Shot Misses the Net.
4:48 of 2nd period - Minor Penalty to Dominic Franco for Holding.
4:49 of 2nd period - Sammy Walker wins face-off versus Philip Tomasino in Milwaukee Admirals zone.
4:57 of 2nd period - Snap shot by Sammy Walker.
4:57 of 2nd period - Shot Misses the Net.
5:20 of 2nd period - Slapshot by Nick Swaney.
5:20 of 2nd period - Shot Misses the Net.
5:24 of 2nd period - Slapshot by Jacob Lucchini.
5:24 of 2nd period - Shot Blocked by Liam Foudy.
6:28 of 2nd period - Sammy Walker is hit by Jordan Gross and loses puck.
6:41 of 2nd period - Luke Esposito is hit by Adam Raska and loses puck.
6:48 of 2nd period - Penalty to Dominic Franco is over, Dominic Franco is back on ice.
6:59 of 2nd period - Slapshot by Navrin Mutter.
6:59 of 2nd period - Shot Misses the Net.
7:01 of 2nd period - Backhand shot by Luke Esposito.
7:01 of 2nd period - Stopped by Michael Hutchinson with a rebound.
7:03 of 2nd period - Snap shot by Navrin Mutter.
7:03 of 2nd period - Shot Misses the Net.
7:05 of 2nd period - Slapshot by Marc Del-Gaizo.
7:05 of 2nd period - Deflect By Marco Rossi.
7:05 of 2nd period - Goal by Marc Del-Gaizo - Milwaukee Admirals : 1 - Iowa Wild : 0.
7:06 of 2nd period - Jacob Lucchini wins face-off versus Philip Tomasino in neutral zone.
7:13 of 2nd period - Snap shot by Philip Tomasino.
7:13 of 2nd period - Shot Blocked by Nick Swaney.
7:33 of 2nd period - Justin Bailey is hit by Alan Quine and loses puck.
7:38 of 2nd period - Backhand shot by Jake Livingstone.
7:38 of 2nd period - Stopped by Michael Hutchinson with a rebound.
7:40 of 2nd period - Snap shot by Paul Thompson.
7:40 of 2nd period - Goal by Paul Thompson - Milwaukee Admirals : 2 - Iowa Wild : 0.
7:41 of 2nd period - Jacob Lucchini wins face-off versus Philip Tomasino in neutral zone.
7:56 of 2nd period - Wrist shot by Egor Afanasyev.
7:56 of 2nd period - Shot Blocked by Brock Faber.
8:55 of 2nd period - Snap shot by Vinni Lettieri.
8:55 of 2nd period - Deflect By Steven Fogarty.
8:55 of 2nd period - Stopped by Yaroslav Askarov with a rebound.
8:57 of 2nd period - Wrist shot by Steven Fogarty.
8:57 of 2nd period - Shot Misses the Net.
8:59 of 2nd period - Wrist shot by Vinni Lettieri.
8:59 of 2nd period - Shot Misses the Net.
9:01 of 2nd period - Snap shot by Simon Johansson.
9:01 of 2nd period - Shot Blocked by Philip Tomasino.
9:03 of 2nd period - Snap shot by Adam Raska.
9:03 of 2nd period - Stopped by Yaroslav Askarov without a rebound.
9:04 of 2nd period - Vinni Lettieri wins face-off versus Philip Tomasino in Milwaukee Admirals zone.
9:07 of 2nd period - Wrist shot by Vinni Lettieri.
9:07 of 2nd period - Stopped by Yaroslav Askarov with a rebound.
9:09 of 2nd period - Slapshot by Brock Faber.
9:09 of 2nd period - Shot Misses the Net.
9:11 of 2nd period - Slapshot by Brock Faber.
9:11 of 2nd period - Deflect By Steven Fogarty.
9:11 of 2nd period - Shot Misses the Net.
9:11 of 2nd period - Puck is out of play.
9:12 of 2nd period - Philip Tomasino wins face-off versus Vinni Lettieri in Milwaukee Admirals zone.
10:16 of 2nd period - Backhand shot by Paul Thompson.
10:16 of 2nd period - Stopped by Michael Hutchinson with a rebound.
10:18 of 2nd period - Slapshot by Dominic Franco.
10:18 of 2nd period - Stopped by Michael Hutchinson with a rebound.
10:32 of 2nd period - Wrist shot by Philip Tomasino.
10:32 of 2nd period - Stopped by Michael Hutchinson with a rebound.
10:46 of 2nd period - Snap shot by Egor Afanasyev.
10:46 of 2nd period - Stopped by Michael Hutchinson with a rebound.
10:48 of 2nd period - Slapshot by Jake Livingstone.
10:48 of 2nd period - Stopped by Michael Hutchinson with a rebound.
11:47 of 2nd period - Off-side.
11:48 of 2nd period - Liam Foudy wins face-off versus Jacob Lucchini in neutral zone.
11:51 of 2nd period - Adam Beckman is hit by Anthony Angello and loses puck.
12:13 of 2nd period - Jordan Gross is hit by Justin Bailey and loses puck.
12:18 of 2nd period - Slapshot by Sammy Walker.
12:18 of 2nd period - Shot Blocked by Anthony Angello.
12:20 of 2nd period - Snap shot by Sammy Walker.
12:20 of 2nd period - Goal by Sammy Walker - Milwaukee Admirals : 2 - Iowa Wild : 1.
12:21 of 2nd period - Vinni Lettieri wins face-off versus Philip Tomasino in neutral zone.
12:57 of 2nd period - Slapshot by Liam Foudy.
12:57 of 2nd period - Shot Misses the Net.
12:59 of 2nd period - Wrist shot by Liam Foudy.
12:59 of 2nd period - Shot Blocked by Brock Faber.
13:01 of 2nd period - Backhand shot by Anthony Angello.
13:01 of 2nd period - Stopped by Michael Hutchinson with a rebound.
13:11 of 2nd period - Backhand shot by Brock Faber.
13:11 of 2nd period - Shot Misses the Net.
13:13 of 2nd period - Backhand shot by Nick Swaney.
13:13 of 2nd period - Shot Misses the Net.
13:15 of 2nd period - Snap shot by Adam Beckman.
13:15 of 2nd period - Shot Blocked by Dominic Franco.
13:29 of 2nd period - Minor Penalty to Paul Thompson for High sticking.
13:30 of 2nd period - Sammy Walker wins face-off versus Philip Tomasino in Milwaukee Admirals zone.
13:53 of 2nd period - Jordan Gross is hit by Marco Rossi and loses puck.
14:21 of 2nd period - Wrist shot by Marco Rossi.
14:21 of 2nd period - Stopped by Yaroslav Askarov without a rebound.
14:22 of 2nd period - Philip Tomasino wins face-off versus Jacob Lucchini in Milwaukee Admirals zone.
14:33 of 2nd period - Backhand shot by Jacob Lucchini.
14:33 of 2nd period - Shot Misses the Net.
14:35 of 2nd period - Slapshot by Michael Del-Zotto.
14:35 of 2nd period - Stopped by Yaroslav Askarov with a rebound.
14:37 of 2nd period - Wrist shot by Jacob Lucchini.
14:37 of 2nd period - Stopped by Yaroslav Askarov with a rebound.
15:29 of 2nd period - Penalty to Paul Thompson is over, Paul Thompson is back on ice.
15:54 of 2nd period - Steven Fogarty is hit by Liam Foudy and loses puck.
16:43 of 2nd period - Alan Quine is hit by Daemon Hunt and loses puck.
17:51 of 2nd period - Jacob Lucchini is hit by Kevin Gravel.
18:27 of 2nd period - Daemon Hunt is hit by Jasper Weatherby and loses puck.
19:02 of 2nd period - Sammy Walker is hit by Alan Quine and loses puck.
19:36 of 2nd period - Icing by Adam Raska.
19:37 of 2nd period - Sam Hentges wins face-off versus Drew Callin in Iowa Wild zone.
19:48 of 2nd period - Roland McKeown is hit by Jacob Lucchini and loses puck.
Goals for this period are 2 for Milwaukee Admirals vs 1 for Iowa Wild.
Shots for this period are 15 for Milwaukee Admirals vs 8 for Iowa Wild.

3rd period


0:01 of 3rd period - Philip Tomasino wins face-off versus Vinni Lettieri in neutral zone.
0:06 of 3rd period - Wrist shot by Philip Tomasino.
0:06 of 3rd period - Shot Blocked by Michael Del-Zotto.
0:08 of 3rd period - Snap shot by Jasper Weatherby.
0:08 of 3rd period - Deflect By Vinni Lettieri.
0:08 of 3rd period - Stopped by Michael Hutchinson with a rebound.
0:14 of 3rd period - Snap shot by Egor Afanasyev.
0:14 of 3rd period - Shot Misses the Net.
0:26 of 3rd period - Brock Faber is hit by Navrin Mutter and loses puck.
0:33 of 3rd period - Wrist shot by Jake Livingstone.
0:33 of 3rd period - Stopped by Michael Hutchinson with a rebound.
0:35 of 3rd period - Wrist shot by Navrin Mutter.
0:35 of 3rd period - Shot Misses the Net.
0:47 of 3rd period - Snap shot by Sammy Walker.
0:47 of 3rd period - Stopped by Yaroslav Askarov without a rebound.
0:48 of 3rd period - Alan Quine wins face-off versus Sammy Walker in Milwaukee Admirals zone.
0:53 of 3rd period - Sammy Walker is hit by Alan Quine and loses puck.
1:04 of 3rd period - Snap shot by Sammy Walker.
1:04 of 3rd period - Shot Blocked by Jordan Gross.
1:12 of 3rd period - Alan Quine is hit by Justin Bailey and loses puck.
1:30 of 3rd period - Slapshot by Jordan Gross.
1:30 of 3rd period - Stopped by Michael Hutchinson with a rebound.
1:32 of 3rd period - Snap shot by Jordan Gross.
1:32 of 3rd period - Shot Misses the Net.
1:42 of 3rd period - Slapshot by Jordan Gross.
1:42 of 3rd period - Stopped by Michael Hutchinson with a rebound.
1:44 of 3rd period - Snap shot by Alan Quine.
1:44 of 3rd period - Goal by Alan Quine - Milwaukee Admirals : 3 - Iowa Wild : 1.
1:45 of 3rd period - Vinni Lettieri wins face-off versus Philip Tomasino in neutral zone.
1:51 of 3rd period - Icing by Roland McKeown.
1:52 of 3rd period - Philip Tomasino wins face-off versus Vinni Lettieri in Milwaukee Admirals zone.
1:52 of 3rd period - Philip Tomasino is hit by Steven Fogarty.
2:01 of 3rd period - Off-side.
2:02 of 3rd period - Vinni Lettieri wins face-off versus Philip Tomasino in neutral zone.
2:15 of 3rd period - Snap shot by Adam Raska.
2:15 of 3rd period - Stopped by Yaroslav Askarov without a rebound.
2:16 of 3rd period - Philip Tomasino wins face-off versus Vinni Lettieri in Milwaukee Admirals zone.
2:26 of 3rd period - Slapshot by Vinni Lettieri.
2:26 of 3rd period - Stopped by Yaroslav Askarov with a rebound.
2:52 of 3rd period - Slapshot by Liam Foudy.
2:52 of 3rd period - Deflect By Anthony Angello.
2:52 of 3rd period - Stopped by Michael Hutchinson without a rebound.
2:53 of 3rd period - Vinni Lettieri wins face-off versus Liam Foudy in Iowa Wild zone.
2:55 of 3rd period - Minor Penalty to Ryan O'Rourke for Slashing.
2:56 of 3rd period - Philip Tomasino wins face-off versus Marco Rossi in Iowa Wild zone.
3:06 of 3rd period - Slapshot by Philip Tomasino.
3:06 of 3rd period - Shot Misses the Net.
3:08 of 3rd period - Slapshot by Jordan Gross.
3:08 of 3rd period - Shot Misses the Net.
3:10 of 3rd period - Snap shot by Jordan Gross.
3:10 of 3rd period - Shot Misses the Net.
3:27 of 3rd period - Snap shot by Jordan Gross.
3:27 of 3rd period - Shot Misses the Net.
3:29 of 3rd period - Slapshot by Kevin Gravel.
3:29 of 3rd period - Shot Blocked by Brock Faber.
3:31 of 3rd period - Slapshot by Jordan Gross.
3:31 of 3rd period - Stopped by Michael Hutchinson without a rebound.
3:32 of 3rd period - Philip Tomasino wins face-off versus Marco Rossi in Iowa Wild zone.
3:33 of 3rd period - Slapshot by Egor Afanasyev.
3:33 of 3rd period - Shot Blocked by Brock Faber.
3:35 of 3rd period - Snap shot by Philip Tomasino.
3:35 of 3rd period - Stopped by Michael Hutchinson with a rebound.
3:37 of 3rd period - Snap shot by Jasper Weatherby.
3:37 of 3rd period - Stopped by Michael Hutchinson with a rebound.
3:39 of 3rd period - Snap shot by Philip Tomasino.
3:39 of 3rd period - Goal by Philip Tomasino - Milwaukee Admirals : 4 - Iowa Wild : 1.
3:40 of 3rd period - Vinni Lettieri wins face-off versus Philip Tomasino in neutral zone.
3:49 of 3rd period - Snap shot by Adam Raska.
3:49 of 3rd period - Stopped by Yaroslav Askarov with a rebound.
3:55 of 3rd period - Slapshot by Philip Tomasino.
3:55 of 3rd period - Stopped by Michael Hutchinson with a rebound.
4:09 of 3rd period - Icing by Liam Foudy.
4:10 of 3rd period - Jacob Lucchini wins face-off versus Liam Foudy in Milwaukee Admirals zone.
4:19 of 3rd period - Slapshot by Adam Beckman.
4:19 of 3rd period - Goal by Adam Beckman - Milwaukee Admirals : 4 - Iowa Wild : 2.
4:20 of 3rd period - Vinni Lettieri wins face-off versus Philip Tomasino in neutral zone.
4:26 of 3rd period - Brock Faber is hit by Kevin Gravel and loses puck.
5:19 of 3rd period - Slapshot by Jordan Gross.
5:19 of 3rd period - Stopped by Michael Hutchinson with a rebound.
6:15 of 3rd period - Slapshot by Paul Thompson.
6:15 of 3rd period - Shot Blocked by Marco Rossi.
6:17 of 3rd period - Wrist shot by Paul Thompson.
6:17 of 3rd period - Shot Blocked by Marco Rossi.
6:19 of 3rd period - Wrist shot by Paul Thompson.
6:19 of 3rd period - Shot Hit the Post.
6:29 of 3rd period - Liam Foudy is hit by Vinni Lettieri and loses puck.
6:46 of 3rd period - Nick Swaney is hit by Jasper Weatherby and loses puck.
7:47 of 3rd period - Dominic Franco is hit by Michael Del-Zotto and loses puck.
8:14 of 3rd period - Marco Rossi is hit by Navrin Mutter and loses puck.
9:21 of 3rd period - Off-side.
9:22 of 3rd period - Vinni Lettieri wins face-off versus Alan Quine in neutral zone.
9:46 of 3rd period - Sammy Walker is hit by Egor Afanasyev and loses puck.
10:40 of 3rd period - Backhand shot by Liam Foudy.
10:40 of 3rd period - Stopped by Michael Hutchinson with a rebound.
10:42 of 3rd period - Wrist shot by Liam Foudy.
10:42 of 3rd period - Deflect By Anthony Angello.
10:42 of 3rd period - Shot Misses the Net.
10:42 of 3rd period - Puck is out of play.
10:43 of 3rd period - Sammy Walker wins face-off versus Liam Foudy in Iowa Wild zone.
11:04 of 3rd period - Off-side.
11:05 of 3rd period - Vinni Lettieri wins face-off versus Alan Quine in neutral zone.
11:05 of 3rd period - Brock Faber is hit by Paul Thompson.
11:58 of 3rd period - Anthony Angello is hit by Sammy Walker and loses puck.
12:33 of 3rd period - Snap shot by Jacob Lucchini.
12:33 of 3rd period - Shot Misses the Net.
12:35 of 3rd period - Slapshot by Jacob Lucchini.
12:35 of 3rd period - Stopped by Yaroslav Askarov without a rebound.
12:36 of 3rd period - Marco Rossi wins face-off versus Alan Quine in Milwaukee Admirals zone.
12:37 of 3rd period - Backhand shot by Sammy Walker.
12:37 of 3rd period - Stopped by Yaroslav Askarov with a rebound.
12:39 of 3rd period - Snap shot by Michael Del-Zotto.
12:39 of 3rd period - Shot Misses the Net.
12:41 of 3rd period - Slapshot by Michael Del-Zotto.
12:41 of 3rd period - Shot Blocked by Alan Quine.
12:43 of 3rd period - Slapshot by Brock Faber.
12:43 of 3rd period - Shot Blocked by Adam Wilsby.
12:45 of 3rd period - Wrist shot by Marco Rossi.
12:45 of 3rd period - Stopped by Yaroslav Askarov without a rebound.
12:46 of 3rd period - Marco Rossi wins face-off versus Philip Tomasino in Milwaukee Admirals zone.
12:59 of 3rd period - Snap shot by Egor Afanasyev.
12:59 of 3rd period - Shot Blocked by Brock Faber.
13:01 of 3rd period - Wrist shot by Philip Tomasino.
13:01 of 3rd period - Stopped by Michael Hutchinson with a rebound.
13:11 of 3rd period - Liam Foudy is hit by Adam Beckman.
13:54 of 3rd period - Wrist shot by Sammy Walker.
13:54 of 3rd period - Shot Misses the Net.
14:08 of 3rd period - Minor Penalty to Paul Thompson for Roughing.
14:09 of 3rd period - Philip Tomasino wins face-off versus Sammy Walker in Milwaukee Admirals zone.
14:20 of 3rd period - Wrist shot by Adam Raska.
14:20 of 3rd period - Shot Hit the Post.
14:22 of 3rd period - Wrist shot by Sammy Walker.
14:22 of 3rd period - Goal by Sammy Walker - Milwaukee Admirals : 4 - Iowa Wild : 3.
14:23 of 3rd period - Egor Afanasyev wins face-off versus Vinni Lettieri in neutral zone.
14:36 of 3rd period - Icing by Jordan Gross.
14:37 of 3rd period - Philip Tomasino wins face-off versus Vinni Lettieri in Milwaukee Admirals zone.
14:41 of 3rd period - Off-side.
14:42 of 3rd period - Philip Tomasino wins face-off versus Vinni Lettieri in neutral zone.
15:13 of 3rd period - Slapshot by Jake Livingstone.
15:13 of 3rd period - Deflect By Liam Foudy.
15:13 of 3rd period - Shot Blocked by Vinni Lettieri.
15:13 of 3rd period - Puck is out of play.
15:14 of 3rd period - Jacob Lucchini wins face-off versus Liam Foudy in Iowa Wild zone.
15:29 of 3rd period - Navrin Mutter is hit by Jacob Lucchini and loses puck.
15:48 of 3rd period - Snap shot by Liam Foudy.
15:48 of 3rd period - Shot Blocked by Carl Dahlstrom.
15:50 of 3rd period - Snap shot by Navrin Mutter.
15:50 of 3rd period - Shot Misses the Net.
15:52 of 3rd period - Slapshot by Jake Livingstone.
15:52 of 3rd period - Shot Blocked by Justin Bailey.
15:54 of 3rd period - Wrist shot by Liam Foudy.
15:54 of 3rd period - Shot Hit the Post.
16:21 of 3rd period - Wrist shot by Jake Livingstone.
16:21 of 3rd period - Deflect By Navrin Mutter.
16:21 of 3rd period - Shot Misses the Net.
16:21 of 3rd period - Puck is out of play.
16:22 of 3rd period - Vinni Lettieri wins face-off versus Philip Tomasino in Iowa Wild zone.
16:37 of 3rd period - Wrist shot by Philip Tomasino.
16:37 of 3rd period - Stopped by Michael Hutchinson with a rebound.
17:06 of 3rd period - Wrist shot by Steven Fogarty.
17:06 of 3rd period - Shot Misses the Net.
17:08 of 3rd period - Wrist shot by Adam Raska.
17:08 of 3rd period - Deflect By Vinni Lettieri.
17:08 of 3rd period - Stopped by Yaroslav Askarov with a rebound.
17:32 of 3rd period - Drew Callin is hit by Nick Swaney and loses puck.
17:43 of 3rd period - Snap shot by Adam Raska.
17:43 of 3rd period - Stopped by Yaroslav Askarov with a rebound.
17:57 of 3rd period - Jasper Weatherby is hit by Carl Dahlstrom and loses puck.
18:18 of 3rd period - Nick Swaney is hit by Roland McKeown and loses puck.
18:41 of 3rd period - Off-side.
18:42 of 3rd period - Vinni Lettieri wins face-off versus Luke Esposito in neutral zone.
18:45 of 3rd period - Drew Callin is hit by Michael Del-Zotto and loses puck.
19:30 of 3rd period - Iowa Wild, Michael Hutchinson is pulled from the net.
19:54 of 3rd period - Jacob Lucchini is hit by Philip Tomasino and loses puck.
Goals for this period are 2 for Milwaukee Admirals vs 2 for Iowa Wild.
Shots for this period are 15 for Milwaukee Admirals vs 11 for Iowa Wild.